 Dungeon Crawl Stone Soup version 0.29-a0-817-g9904bce7a6 (webtiles) character file.

Game seed: 18434578714548233134

591 zeratav the Tainter (level 7, -5/42 HPs)
             Began as an Octopode Venom Mage on July 6, 2022.
             Was an Initiate of Gozag.
             Splashed by a jelly's acid (9 damage)
             ... on level 4 of the Dungeon.
             The game lasted 00:11:30 (5611 turns).

zeratav the Tainter (Octopode Venom Mage)           Turns: 5611, Time: 00:11:31

Health: -5/42      AC:  1    Str:  7    XL:     7   Next: 39%
Magic:  5/10       EV: 13    Int: 19    God:    Gozag
Gold:   177        SH:  0    Dex: 13    Spells: 3/10 levels left

rFire   + . .      SeeInvis .   b - staff of poison {staff}
rCold   . . .      Faith    .   (no shield)
rNeg    . . .      Spirit   .   (helmet restricted)
rPois   +          Reflect  .   (no amulet)
rElec   .          Harm     .   v - ring of protection from fire
rCorr   .          Rampage  .   (no ring)
Will    .....                   (no ring)
Stlth   ++++......              (no ring)
HPRegen 0.14/turn               (no ring)
MPRegen 0.12/turn               (no ring)
                                (no ring)
                                (no ring)

@: no status effects
A: almost no armour, amphibious, 8 rings, camouflage 1, gelatinous body 1,
(nimble swimmer 1), tentacles
a: Renounce Religion, Potion Petition, Call Merchant, Bribe Branch


You were on level 4 of the Dungeon.
You worshipped Gozag.
Gozag was aware of your devotion.
You visited 1 branch of the dungeon, and saw 4 of its levels.

You collected 207 gold pieces.
You paid 30 gold pieces to Gozag.


Innate Abilities, Weirdness & Mutations

You cannot wear most types of armour.
You are amphibious.
You can wear up to eight rings at the same time.
Your skin changes colour to match your surroundings (Stealth+).
Your rubbery body absorbs attacks. (AC +1, EV +1)
((You are camouflaged when in or above water. (Stealth+)))
You have tentacles for arms and can constrict up to eight enemies at once.


   Skills:
 + Level 0.8 Fighting
 + Level 2.2 Dodging
 - Level 5.0 Stealth
 + Level 2.2 Spellcasting
 - Level 1.0 Transmutations
 - Level 9.0 Poison Magic


You had 3 spell levels left.
You knew the following spells:

 Your Spells              Type           Power      Damage    Failure   Level
a - Sting                 Tmut/Pois      100%       1d8       2%          1
b - Poisonous Vapours     Pois/Air       56%        N/A       4%          2
c - Olgreb's Toxic Radia  Pois           53%        N/A       4%          4

Your spell library contained the following spells:

 Spells                   Type           Power      Damage    Failure   Level
 Mephitic Cloud           Conj/Pois/Air  20%        N/A       14%         3
 Magic Dart               Conj           8%         1d3       17%         1
 Sandblast                Erth           4%         2d4       17%         1
 Passwall                 Tmut/Erth      3%         N/A       21%         2
 Searing Ray              Conj           4%         2d4       26%         2
 Stone Arrow              Conj/Erth      4%         3d7       45%         3
 Fulminant Prism          Conj/Hex       1%         3d6       86%         4

Inventory:

Hand Weapons
 h - a +2 dagger of protection {short}
   (You found it on level 1 of the Dungeon)
 l - a +2 flail of protection {mace}
   (You took it off a gnoll on level 2 of the Dungeon)
 y - a +3 vorpal dire flail {mace}
   (You took it off Edmund on level 3 of the Dungeon)
Magical Staves
 b - a staff of poison (weapon) {staff}
   (You found it on level 1 of the Dungeon)
Jewellery
 f - a ring of ice
   (You found it on level 1 of the Dungeon)
 o - a ring of ice
   (You found it on level 2 of the Dungeon)
 v - a ring of protection from fire (left tentacle)
   (You found it on level 3 of the Dungeon)
Scrolls
 c - 4 scrolls of identify {unknown}
 d - 2 scrolls of immolation {unknown}
 e - a scroll of teleportation {unknown}
 g - 3 scrolls of amnesia {unknown}
 i - a scroll of summoning {unknown}
 m - a scroll of blinking {unknown}
 n - 2 scrolls of fog {unknown}
 u - a scroll of noise {unknown}
 w - a scroll of poison {unknown}
 x - a scroll of enchant weapon {unknown}
Potions
 a - 3 potions of magic
 j - 2 potions of curing {unknown}
 k - a potion of attraction {unknown}
 p - a potion of brilliance {unknown}
 q - 2 potions of heal wounds {unknown}
 r - a potion of degeneration {unknown}
 s - 2 potions of haste {unknown}
 t - a potion of flight {unknown}

Dungeon Overview and Level Annotations

Branches:
Dungeon (4/15) Zot: 18378
 Temple: D:4-7

Altars:
Dithmenos
Elyvilon
Gozag
Nemelex Xobeh

#.# ... <#
###.## ...#
$#....# ...#
#....#.... #
#....##.#### #
#.[......... #
###.J.#.### . .
.#####@..### .#
.............#
...
#.###.......#
...
#.......)...##
#.###
.#.##.........#
....
.$.......)....#
#..
#.#...)......#
..#
#.#........#.#
..#.
###.#....###.#.#


You could see a jelly (very poisoned).


Message History

A goblin comes into view. It is wielding a +0 dagger.
Casting: Olgreb's Toxic Radiance (dangerous; 4% risk of failure)
Confirm with . or Enter, or press ? or * to list all spells.
You feel a surge of power!
You begin to radiate toxic energy.
The goblin shouts!
The goblin is poisoned.
MP[-4]
You lost 4 mp, and now have 6/10 mp.
You kill the goblin!
Your toxic aura wanes.
You hear a distant slurping noise.
You now have 145 gold pieces (gained 6).
Things that are here:
a +0 short sword {short}; a +0 scale mail You now have 153 gold pieces (gained 8).
You see here a +0 club {mace}.
You now have 160 gold pieces (gained 7).
You see here a +0 flail {mace}.
A jelly is nearby!
MP[+4]
Your mp is fully restored (10).
You see here 17 gold pieces.
You now have 177 gold pieces (gained 17).
Found an escape hatch in the ceiling.
The jelly quivers.
You see here a scarf of shadows.
Casting: Olgreb's Toxic Radiance (dangerous; 4% risk of failure)
Confirm with . or Enter, or press ? or * to list all spells.
Aiming: Sting (safe; 2% risk of failure)
Press: ? - help, Shift-Dir - straight line, f - jelly
Aim: a jelly (100% to hit)
You feel a surge of power!
The sting hits the jelly.
The jelly is poisoned.
The jelly hits you.
You are splashed with acid!
HP[-10] MP[-1]
You take 10 damage, and now have 32/42 hp.
MASSIVE DAMAGE!! (PAUSE)
You lost 1 mp, and now have 9/10 mp.
Casting: Sting (safe; 2% risk of failure)
Confirm with . or Enter, or press ? or * to list all spells.
Aiming: Sting (safe; 2% risk of failure)
Press: ? - help, Shift-Dir - straight line, f/p - jelly
Aim: a jelly (lightly wounded, poisoned, 100% to hit)
You feel a surge of power!
The sting hits the jelly.
The jelly partially resists.
The jelly looks even sicker.
The jelly hits you.
You are splashed with acid!
HP[-10] MP[-1]
You take 10 damage, and now have 22/42 hp.
MASSIVE DAMAGE!! (PAUSE)
You lost 1 mp, and now have 8/10 mp.
Casting: Sting (safe; 2% risk of failure)
Confirm with . or Enter, or press ? or * to list all spells.
Aiming: Sting (safe; 2% risk of failure)
Press: ? - help, Shift-Dir - straight line, f/p - jelly
Aim: a jelly (moderately wounded, very poisoned, 100% to hit)
You feel a surge of power!
The sting hits the jelly.
The jelly partially resists.
The jelly looks even sicker.
The jelly closely misses you.
MP[-1]
You lost 1 mp, and now have 7/10 mp.
Casting: Sting (safe; 2% risk of failure)
Confirm with . or Enter, or press ? or * to list all spells.
Aiming: Sting (safe; 2% risk of failure)
Press: ? - help, Shift-Dir - straight line, f/p - jelly
Aim: a jelly (heavily wounded, very poisoned, 100% to hit)
You feel a surge of power!
The sting hits the jelly.
The jelly looks as sick as possible!
The jelly hits you.
* * * LOW HITPOINT WARNING * * *
You are splashed with acid!
* * * LOW HITPOINT WARNING * * *
HP[-9] MP[-1]
You take 9 damage, and now have 13/42 hp.
MASSIVE DAMAGE!! (PAUSE)
You lost 1 mp, and now have 6/10 mp.
The jelly hits you.
* * * LOW HITPOINT WARNING * * *
You are splashed with acid.
* * * LOW HITPOINT WARNING * * *
HP[-8]
You take 8 damage, and now have 5/42 hp.
The jelly attacks as you move away! The jelly barely misses you.
The jelly attacks as you move away! The jelly misses you.
HP[+1]
Casting: Sting (safe; 2% risk of failure)
Confirm with . or Enter, or press ? or * to list all spells.
Aiming: Sting (safe; 2% risk of failure)
Press: ? - help, Shift-Dir - straight line, f/p - jelly
Aim: a jelly (severely wounded, very poisoned, 100% to hit)
You feel a surge of power!
The sting hits the jelly.
The jelly partially resists.
The jelly closely misses you.
Casting: Sting (safe; 2% risk of failure)
Confirm with . or Enter, or press ? or * to list all spells.
Aiming: Sting (safe; 2% risk of failure)
Press: ? - help, Shift-Dir - straight line, f/p - jelly
Aim: a jelly (almost dead, very poisoned, 100% to hit)
You feel a surge of power!
The sting hits the jelly.
The jelly partially resists.
The jelly hits you.
* * * LOW HITPOINT WARNING * * *
You are splashed with acid!
You die...
Your body crumbles into a pile of gold.

Skill      XL: |  1  2  3  4  5  6 |
---------------+-------------------+-----
Poison Magic   | 4 5 6 7 9 |  9.0
Stealth        | 5 |  5.0
Fighting       | |  0.8
Dodging        | |  2.2
Spellcasting   | |  2.2
Transmutations | |  1.0

Action                   |  1- 3 |  4- 6 |  7- 9 || total
-------------------------+-------+-------+-------++-------
Melee: Staff             |     9 |    36 |     1 ||    46
       Constrict         |     3 |     9 |       ||    12
       Tentacles         |     3 |     9 |       ||    12
       Punch             |       |     1 |       ||     1
 Cast: Sting             |    37 |    32 |    17 ||    86
       Poisonous Vapours |     5 |    70 |    11 ||    86
       Olgreb's Toxic Ra |       |       |     3 ||     3
 Stab: Sleeping          |       |     1 |     1 ||     2
Armor: Skin              |       |     3 |       ||     3
Dodge: Dodged            |    15 |    41 |     7 ||    63

Levels and vault maps discovered:
D:1:      lemuel_arrival_room, layout_loops_corners
D:2:      minmay_evil_eye, layout_basic
D:3:      layout_basic, grunt_dithmenos_smoke_and_mirrors, minitemple,
          shapermc_ecumenical_altar_starsandcircs, minivault_11, uniq_grinder
D:4:      layout_basic, serial_bayou_lake_a, uniq_edmund

Notes
Turn   | Place    | Note
-------+----------+-------------------------------------------
     0 | D:1      | zeratav the Octopode Venom Mage began the quest for the
                  | Orb.
     0 | D:1      | Reached XP level 1. HP: 11/11 MP: 3/3
     0 | D:1      | magus.rc [v1.9.6]
    97 | D:1      | Reached skill level 4 in Poison Magic
   167 | D:1      | Reached XP level 2. HP: 17/17 MP: 1/5
   444 | D:1      | You pick up a book of Conjurations {@e2} and begin
                  | reading...
   444 | D:1      | You add the spells Magic Dart, Searing Ray and Fulminant
                  | Prism to your library.
   866 | D:1      | Reached XP level 3. HP: 21/21 MP: 2/6
   919 | D:1      | Reached skill level 5 in Poison Magic
   946 | D:1      | You fall into a shaft and drop 1 floor!
   951 | D:2      | You pick up a book of Geomancy and begin reading...
   951 | D:2      | You add the spells Sandblast, Passwall and Stone Arrow to
                  | your library.
  1299 | D:2      | Learned a level 2 spell: Poisonous Vapours
  1393 | D:2      | Reached XP level 4. HP: 27/27 MP: 3/7
  1423 | D:2      | Reached skill level 6 in Poison Magic
  1815 | D:2      | Reached XP level 5. HP: 28/31 MP: 0/8
  2356 | D:2      | Reached skill level 7 in Poison Magic
  2868 | D:3      | Learned a level 4 spell: Olgreb's Toxic Radiance
  2888 | D:3      | Found a shadowy altar of Dithmenos.
  3764 | D:3      | Noticed Grinder
  3901 | D:3      | Found a faded altar of an unknown god.
  3910 | D:3      | Reached XP level 6. HP: 36/36 MP: 4/9
  4082 | D:3      | Reached skill level 3 in Stealth
  4177 | D:3      | HP: 9/36 [Grinder (4)]
  4178 | D:3      | Killed Grinder
  4179 | D:3      | Reached skill level 4 in Stealth
  4179 | D:3      | Reached skill level 8 in Poison Magic
  4582 | D:3      | Found a white marble altar of Elyvilon.
  4583 | D:3      | Found an opulent altar of Gozag.
  4584 | D:3      | Found a sparkling altar of Nemelex Xobeh.
  4588 | D:3      | Became a worshipper of Gozag Ym Sagoz the Greedy
  4694 | D:4      | Noticed Edmund
  4717 | D:3      | Killed Edmund
  4718 | D:3      | Reached skill level 5 in Stealth
  4718 | D:3      | Reached skill level 9 in Poison Magic
  4718 | D:3      | Reached XP level 7. HP: 33/41 MP: 1/10
  5607 | D:4      | HP: 5/42 [acid (6)]
  5611 | D:4      | Splashed by a jelly's acid

Vanquished Creatures
  Grinder (D:3)
  Edmund (D:3)
  2 orc wizards
  8 gnolls
  4 adders
  A shadow imp (D:4)
  A white imp (D:4)
  3 worms (D:3)
  2 dart slugs
  10 orcs
  7 ball pythons
  4 bats
  7 endoplasms
  2 giant cockroaches
  3 hobgoblins
  3 jackals (D:1)
  5 quokkas
  3 frilled lizards
  9 goblins
  9 kobolds
  7 rats
92 creatures vanquished.

Vanquished Creatures (others)
  A plant (D:4)
1 creature vanquished.

Grand Total: 93 creatures vanquished

Table legend:
 A = Non-vault XP
 B = Vault XP
 C = Vault XP percentage of total XP
 D = Non-vault monster count
 E = Vault monster count
 F = Vault count percentage of total count
                 A         B        C        D         E       F
            +---------+---------+-------+---------+---------+-------
      Total |     402 |     443 |  52.4 |      87 |       5 |   5.4
            +---------+---------+-------+---------+---------+-------
        D:1 |      50 |       0 |   0.0 |      20 |       0 |   0.0
        D:2 |     167 |       7 |   4.0 |      29 |       3 |   9.4
        D:3 |     100 |     436 |  81.3 |      23 |       2 |   8.0
        D:4 |      85 |       0 |   0.0 |      15 |       0 |   0.0
            +---------+---------+-------+---------+---------+-------

Illustrated notes

Table legend:
 A = Kills in this place as a percentage of kills in entire the game.
 B = Kills by you in this place as a percentage of kills by you in the entire game.
 C = Kills by friends in this place as a percentage of kills by friends in the entire game.
 D = Other kills in this place as a percentage of other kills in the entire game.
 E = Experience gained in this place as a percentage of experience gained in the entire game.
 F = Experience gained in this place divided by the number of levels of this place that you have seen.
                   A       B       C       D       E      F
               +-------+-------+-------+-------+-------+----------------------
         Total | 100.0 | 100.0 |   N/A |   N/A | 100.0 | 211.2
       Dungeon | 100.0 | 100.0 |   N/A |   N/A | 100.0 | 211.2
               +-------+-------+-------+-------+-------+----------------------

Table legend: (Time is in decaauts)
 A = Elapsed time spent in this place.
 B = Non-inter-level travel time spent in this place.
 C = Inter-level travel time spent in this place.
 D = Time resting spent in this place.
 E = Time spent auto-exploring this place.
 F = Levels seen in this place.
 G = Mean time per level.
                   A        B        C        D        E       F      G
               +--------+--------+--------+--------+--------+-----+--------+
         Total |   5620 |   5523 |     97 |   1540 |   2996 |   4 | 1405.0 |
       Dungeon |   5620 |   5523 |     97 |   1540 |   2996 |   4 | 1405.0 |
               +--------+--------+--------+--------+--------+-----+--------+

Top non-repeatable levels by time:
     D:3: 1855 daAuts
     D:2: 1655 daAuts
     D:1: 1207 daAuts
     D:4: 901 daAuts
